 Dungeon Crawl Stone Soup version 0.23.0 (webtiles) character file.

Game seed: 714257684246387625

612 doot the Covert (level 7, -6/46 HPs)
             Began as an Octopode Assassin on Feb 15, 2019.
             Was an Initiate of Dithmenos.
             Mangled by Duvessa
             ... wielding a +0 short sword
              (7 damage)
             ... on level 5 of the Dungeon.
             The game lasted 00:26:57 (7651 turns).

doot the Covert (Octopode Assassin)                 Turns: 7651, Time: 00:26:58

Health: -6/46      AC:  7    Str: 10    XL:     7   Next: 44%
Magic:  7/7        EV: 12    Int: 14    God:    Dithmenos [......]
Gold:   178        SH:  0    Dex: 15    Spells: 6/6 levels left

rFire    . . .     SeeInvis .   a - +4 dagger
rCold    . . .     Gourm    .   (no shield)
rNeg     . . .     Faith    .   (helmet restricted)
rPois    .         Spirit   .   (no amulet)
rElec    .         Reflect  .   j - -5 ring of strength (curse)
rCorr    .         Harm     .   k - -6 ring of evasion (curse)
MR       .....                  h - +6 ring of protection
Stlth    ++++......             i - +4 ring of evasion
HPRegen  0.15/turn              m - ring of attention (curse)
MPRegen  0.10/turn              (no ring)
                                (no ring)
                                (no ring)

@: mighty
A: almost no armour, stealthy swim, amphibious, 8 rings, constrict 8, camouflage
1, gelatinous body 1
a: Renounce Religion


You were on level 5 of the Dungeon.
You worshipped Dithmenos.
Dithmenos was noncommittal.
You were hungry.

You visited 2 branches of the dungeon, and saw 6 of its levels.

You collected 178 gold pieces.

Inventory:

Hand Weapons
 a - a +4 dagger (weapon)
 b - a +0 blowgun
Magical Staves
 q - an uncursed staff of energy {unknown}
Jewellery
 h - a +6 ring of protection (on tentacle)
 i - a +4 ring of evasion (on tentacle)
 j - a cursed -5 ring of strength (left tentacle)
 k - a cursed -6 ring of evasion (right tentacle)
 m - a cursed ring of attention (on tentacle)
Wands
 g - a wand of disintegration (11)
 n - a wand of flame (30)
 o - a wand of paralysis (10)
 t - a wand of polymorph (10)
Scrolls
 c - 2 scrolls of identify
Potions
 l - a potion of might
 p - a potion of brilliance {unknown}
Comestibles
 f - 6 rations


   Skills:
 + Level 3.3 Fighting
 + Level 3.4 Short Blades
 + Level 4.1 Throwing
 + Level 2.4 Dodging
 + Level 8.9 Stealth


You had 6 spell levels left.
You didn't know any spells.
Your spell library was empty.

Dungeon Overview and Level Annotations

Branches:
Dungeon (5/15)             Temple (1/1) D:5

Altars:
Ashenzari
Cheibriados
Dithmenos
Elyvilon
Fedhas
Gozag
Hepliaklqana
Kikubaaqudgha
Okawaru
Qazlal
Ru
Trog
Vehumet
Yredelemnul
The Shining One

Annotations:
D:3 Sigmund
D:4 Pikel
D:5 Duvessa


Innate Abilities, Weirdness & Mutations

You cannot wear most types of armour.
You are very stealthy in the water. (Stealth+)
You are amphibious.
You can wear up to eight rings at the same time.
You can use your tentacles to constrict eight enemies at once.
Your skin changes colour to match your surroundings (Stealth+).
Your rubbery body absorbs attacks. (AC +1, EV +1)


Message History

Duvessa is lightly wounded.
You constrict Duvessa, but do no damage.
Duvessa hits you with a +0 short sword.
* * * LOW HITPOINT WARNING * * *
It was a potion of might.
You feel very mighty all of a sudden.
You constrict Duvessa. Duvessa hits you but does no damage.
You puncture Duvessa!
Duvessa is moderately wounded.
You constrict Duvessa.
Duvessa says, "The sword shall overcome grief!"
Duvessa hits you with a +0 short sword.
* * * LOW HITPOINT WARNING * * *
You puncture Duvessa!
Duvessa is severely wounded.
You constrict Duvessa. You hit Duvessa but do no damage.
Duvessa is almost dead.
You constrict Duvessa. Duvessa hits you with a +0 short sword!
You die...

###.#.#.# ###.# ..#.#.#.#
#.o.# #.#.#.#.# ###.#.#
#.#.#.#.# ##.....#
##.####.#.#.#.# #..#.#.#
............>.# #......#
##.....<..#...# #..#.#.#
#########.#...####......#
.(.(..(........e@.......#
.########.#.#############
.# #.#............ .##
#.#####.###.### ..# #.#
#..# #.## ### .#.# #..#
.. .. ##.# ... .?. ##.##
.... .#..


You could see Duvessa.

Vanquished Creatures
  A slave (D:4)
  Dowan (D:5)
  3 orc priests
  Jessica (D:2)
  A centaur skeleton (D:4)
  Ijyb (D:4)
  An iguana (D:5)
  An orc wizard (D:5)
  6 worker ants
  Terence (D:3)
  Robin (D:3)
  4 adders
  4 gnolls
  A shadow imp (D:2)
  2 worms
  4 leopard geckos
  10 orcs
  A giant cockroach (D:3)
  21 goblins
  13 hobgoblins
  3 jackals (D:3)
  A quokka (D:4)
  A ball python (D:2)
  A bat (D:3)
  5 frilled lizards
  5 kobolds
  4 rats
98 creatures vanquished.

Notes
Turn   | Place    | Note
-------+----------+-------------------------------------------
     0 | D:1      | doot the Octopode Assassin began the quest for the Orb.
     0 | D:1      | Reached XP level 1. HP: 14/14 MP: 1/1
   186 | D:1      | Reached XP level 2. HP: 19/19 MP: 2/2
   674 | D:2      | Reached skill level 6 in Stealth
   690 | D:2      | Found a blossoming altar of Fedhas.
   717 | D:2      | Noticed Jessica
   754 | D:2      | Killed Jessica
   754 | D:2      | Reached XP level 3. HP: 5/24 MP: 3/3
  1578 | D:2      | Reached XP level 4. HP: 29/29 MP: 4/4
  2005 | D:3      | Reached skill level 7 in Stealth
  2056 | D:3      | Noticed Sigmund
  2061 | D:3      | Noticed Terence
  2089 | D:4      | Reached XP level 5. HP: 35/35 MP: 5/5
  2466 | D:4      | Noticed Ijyb
  2484 | D:4      | Killed Ijyb
  2709 | D:4      | Found a radiant altar of Vehumet.
  2928 | D:4      | Noticed a slave
  2937 | D:4      | Noticed a slave
  3130 | D:2      | Reached XP level 6. HP: 12/41 MP: 6/6
  3420 | D:2      | Reached skill level 8 in Stealth
  3955 | D:3      | Found a sacrificial altar of Ru.
  4859 | D:3      | Noticed Robin
  4976 | D:3      | Killed Robin
  5198 | D:3      | Killed Terence
  5275 | D:4      | Found a shattered altar of Ashenzari.
  5496 | D:4      | Noticed a slave
  5515 | D:4      | Reached XP level 7. HP: 14/46 MP: 7/7
  5859 | D:4      | Noticed Pikel
  5900 | D:5      | Entered Level 5 of the Dungeon
  6095 | D:5      | Noticed Duvessa
  6101 | D:5      | Noticed Dowan
  6571 | D:5      | Killed Dowan
  7279 | D:5      | Found a staircase to the Ecumenical Temple.
  7288 | Temple   | Entered the Ecumenical Temple
  7543 | Temple   | Became a worshipper of Dithmenos the Shadowed
  7642 | D:5      | HP: 2/46 [Duvessa/+0 short sword (12)]
  7647 | D:5      | HP: 2/46 [Duvessa/+0 short sword (3)]
  7651 | D:5      | Mangled by Duvessa

Skill      XL: |  1  2  3  4  5  6  7 |
---------------+----------------------+-----
Stealth        | 6 7 8 |  8.9
Short Blades   | 3 |  3.4
Throwing       | 3 4 |  4.1
Dodging        | 2 |  2.4
Fighting       | 3 |  3.3

Action                   |  1- 3 |  4- 6 |  7- 9 || total
-------------------------+-------+-------+-------++-------
Melee: Dagger            |    31 |   144 |    57 ||   232
       Constrict         |     6 |    35 |     9 ||    50
       Tentacles         |     4 |    22 |     4 ||    30
 Fire: Blowgun           |    12 |    41 |    12 ||    65
  Use: Scroll            |     6 |     3 |     2 ||    11
       Potion            |       |     4 |     4 ||     8
 Stab: Sleeping          |    10 |    13 |       ||    23
       Distracted        |       |     1 |     1 ||     2
  Eat: Chunk             |     1 |     6 |     6 ||    13
       Ration            |       |     2 |       ||     2
Armor: Skin              |       |    53 |    13 ||    66
Dodge: Dodged            |     6 |   115 |    21 ||   142
